 Dungeon Crawl Stone Soup version 0.29-a0-2-g12fcac58f8 (webtiles) character file.

Game seed: 566160525751285975

147 Snarg the Skirmisher (level 4, 0/38 HPs)
             Began as a Demigod Wanderer on Jan 27, 2022.
             Succumbed to a scorpion's poison
             ... on level 4 of the Dungeon.
             The game lasted 00:09:52 (3315 turns).

Snarg the Skirmisher (Demigod Wanderer)             Turns: 3315, Time: 00:09:53

Health: 0/38       AC:  5    Str: 12 (15) XL:     4   Next: 81%
Magic:  4/8        EV: 10    Int: 16 (17) God:
Gold:   140        SH:  0    Dex: 12      Spells: 4/5 levels left

rFire   . . .      SeeInvis .   s - +4 trident of Conscience {holy, rC+}
rCold   + . .      Faith    .   (no shield)
rNeg    . . .      Spirit   .   d - +0 ring mail
rPois   .          Reflect  .   (no helmet)
rElec   .          Harm     .   (no cloak)
rCorr   .          Rampage  .   (no gloves)
Will    .....                   (no boots)
Stlth   +.........              (no amulet)
HPRegen 0.12/turn               (no ring)
MPRegen 0.11/turn               (no ring)

@: lethally poisoned (0 -> -10)
A: high mp 1, forlorn, divine attributes
a: no special abilities


You were on level 4 of the Dungeon.
You visited 1 branch of the dungeon, and saw 4 of its levels.

You collected 140 gold pieces.

Inventory:

Hand Weapons
 a - a +0 club
 f - a +0 short sword
 h - a +0 dagger
 k - a +0 falchion
 s - the +4 trident of Conscience (weapon) {holy, rC+}
   (You found it on level 3 of the Dungeon)

   It has been blessed by the Shining One to cause great damage to the undead
   and demons.
   rC:        It protects you from cold.
Missiles
 e - 95 stones (quivered)
 q - 5 atropa-tipped darts
 t - 4 boomerangs
Armour
 b - a +0 scale mail
 d - a +0 ring mail (worn)
Scrolls
 c - 2 scrolls of teleportation
 i - a scroll of fog {unknown}
 n - a scroll of enchant armour
 o - a scroll of identify
 p - a scroll of vulnerability {unknown}
Potions
 j - a potion of curing
 l - a potion of might
 m - a potion of attraction
 r - a potion of resistance
 u - a potion of lignification
 v - a potion of flight


   Skills:
 + Level 3.2 Fighting
 + Level 0.7 Polearms
 + Level 2.8 Armour
 + Level 0.4 Stealth
 - Level 1.0 Spellcasting
 * Level 1.7 Conjurations
 * Level 2.8 Fire Magic
 - Level 1.7 Evocations


You had 4 spell levels left.
You knew the following spells:

 Your Spells              Type           Power      Damage    Failure   Level
a - Foxfire               Conj/Fire      32%        2x1d5     21%         1

Your spell library contained the following spells:

 Spells                   Type           Power      Damage    Failure   Level
 Conjure Flame            Conj/Fire      8%         6-21      52%         3
 Ignite Poison            Fire/Tmut/Pois 3%         N/A       71%         3


Dungeon Overview and Level Annotations

Branches:
Dungeon (4/15)
 Temple: D:4-7

Annotations:
D:1 clr
D:2 clr
D:3 clr


Innate Abilities, Weirdness & Mutations

You have an increased reservoir of magic. (+10% MP)
You shall have no god before yourself.
Your divine heritage dramatically boosts your attributes as you level up.


Message History

The foxfire hits the scorpion.
The scorpion is moderately wounded.
The scorpion stings you but does no damage.
The scorpion barely misses you.
You hit the scorpion.
You punch the scorpion, but do no damage.
The scorpion is heavily wounded.
The scorpion stings you!
You are poisoned.
The scorpion poisons you!
You closely miss the scorpion.
The scorpion is heavily wounded.
You feel very sick. The scorpion barely misses you. The scorpion stings you.
You hit the scorpion but do no damage.
The scorpion is heavily wounded.
You feel sick. The scorpion closely misses you.
Casting: Foxfire (safe; 21% risk of failure)
Confirm with . or Enter, or press ? or * to list all spells.
You conjure some foxfire!
You feel sick. The scorpion stings you.
You are lethally poisoned!
The scorpion poisons you! The scorpion stings you!
* * * LOW HITPOINT WARNING * * *
* * * LOW HITPOINT WARNING * * *
You feel very sick.
The foxfire hits the scorpion.
The scorpion is heavily wounded.
The foxfire hits the scorpion but does no damage.
The scorpion is heavily wounded.
You hit the scorpion.
The scorpion is heavily wounded.
* * * LOW HITPOINT WARNING * * *
You feel very sick.
The scorpion stings you but does no damage.
The scorpion barely misses you.
Unknown command.
Casting: Foxfire (safe; 21% risk of failure)
Confirm with . or Enter, or press ? or * to list all spells.
You conjure some foxfire!
You die...

.............#.....
.............#...s
.............#...
..#####......##'####
#.# #.......#....##
#.# #.......#....)#
#.# ##.##....#.....#
#)####...#...!'vs...#
#......_......#v@...#
##...#...####)#..####
#...##.## ###..#
#......# ....
#......# #.....
#......######......
######......#.......
##.....#######
#######


You could see a scorpion (ally target).

Vanquished Creatures
  A centaur (D:4)
  An adder (D:2)
  2 dart slugs (D:1)
  4 orcs
  2 ball pythons (D:1)
  4 endoplasms
  2 giant cockroaches
  6 goblins
  4 hobgoblins
  2 kobolds (D:1)
  4 quokkas
  5 bats
  A frilled lizard (D:1)
  5 rats
43 creatures vanquished.

Vanquished Creatures (others)
  63 foxfires
63 creatures vanquished.

Grand Total: 106 creatures vanquished

Notes
Turn   | Place    | Note
-------+----------+-------------------------------------------
     0 | D:1      | Snarg the Demigod Wanderer began the quest for the Orb.
     0 | D:1      | Snarg set off with the following items: a +0 club, a +0
                  | scale mail, a scroll of teleportation; and the following
                  | spell memorised: Foxfire; and the following spells
                  | available to memorise: Conjure Flame, Ignite Poison
     0 | D:1      | Reached XP level 1. HP: 18/18 MP: 4/4
   527 | D:1      | Reached skill level 3 in Fighting
   714 | D:1      | Reached XP level 2. HP: 19/26 MP: 1/5
  1739 | D:2      | Reached XP level 3. HP: 26/31 MP: 2/6
  2331 | D:3      | Identified the +4 trident of Conscience {holy, rC+}
  2780 | D:4      | Reached skill level 1 in Conjurations
  3006 | D:4      | Noticed a centaur
  3020 | D:4      | Killed a centaur
  3021 | D:4      | Reached XP level 4. HP: 8/38 MP: 6/8
  3315 | D:4      | Succumbed to a scorpion's poison

Illustrated notes

Levels and vault maps discovered:
D:1:      minmay_arrival_widening_spiral_wide, layout_basic
D:2:      layout_basic, chequers_ecumenical_altar_grove
D:3:      layout_rooms, chequers_arboretum, kennysheep_boxes
D:4:      layout_gridville, nicolae_overflow_crystal_walls

Skill      XL: |  1  2  3 |
---------------+----------+-----
Fighting       | 3 |  3.2
Fire Magic     | 2 |  2.8
Armour         | 2 |  2.8
Conjurations   | 1 |  1.7
Polearms       | |  0.7
Stealth        | |  0.4
Spellcasting   | |  1.0
Evocations     | |  1.7

Action                   |  1- 3 |  4- 6 || total
-------------------------+-------+-------++-------
Melee: Club              |    37 |       ||    37
       Short sword       |    38 |       ||    38
       Trident           |    34 |     5 ||    39
       Punch             |       |     1 ||     1
Throw: Stone             |    29 |     1 ||    30
 Cast: Foxfire           |    36 |     5 ||    41
  Use: Potion            |     3 |       ||     3
       Scroll            |       |     5 ||     5
Armor: Ring mail         |    57 |     2 ||    59
Dodge: Dodged            |    64 |     4 ||    68

Table legend: (Time is in decaauts)
 A = Elapsed time spent in this place.
 B = Non-inter-level travel time spent in this place.
 C = Inter-level travel time spent in this place.
 D = Time resting spent in this place.
 E = Time spent auto-exploring this place.
 F = Levels seen in this place.
 G = Mean time per level.
                   A        B        C        D        E       F      G
               +--------+--------+--------+--------+--------+-----+--------+
         Total |   3342 |   3250 |     92 |    654 |   2066 |   4 |  835.5 |
       Dungeon |   3342 |   3250 |     92 |    654 |   2066 |   4 |  835.5 |
               +--------+--------+--------+--------+--------+-----+--------+

Top non-repeatable levels by time:
     D:1: 1489 daAuts
     D:2: 714 daAuts
     D:4: 570 daAuts
     D:3: 567 daAuts
